 Dungeon Crawl Stone Soup version 0.31.0-12-g77e489cdc1 (webtiles) character file.

Game seed: 12112500219449534723

512 PaiMei the Grave Robber (level 6, -1/47 HPs)
             Began as a Demonspawn Necromancer on Feb 23, 2024.
             Killed from afar by an orc wizard (4 damage)
             ... with a puff of flame
             ... on level 4 of the Dungeon.
             The game lasted 00:08:07 (5119 turns).

PaiMei the Grave Robber (Demonspawn Necromancer)    Turns: 5119, Time: 00:08:08

Health: -1/47      AC: 12    Str:  8    XL:     6   Next: 99%
Magic:  8/11       EV: 19    Int: 17    God:
Gold:   219        SH:  0    Dex: 18    Spells: 4/12 levels left

rFire   . . .        v - +0 dagger (protect)
rCold   . . .        (no shield)
rNeg    + + +        j - +1 robe of Isast {rN+++ Will- rCorr Dex+4}
rPois   .            i - +0 helmet
rElec   .            (no cloak)
rCorr   +            h - +0 pair of gloves
SInv    .            (no boots)
Will    .....        (no amulet)
Stlth   +            d - ring of willpower
HPRegen 0.27/turn    n - +5 ring of evasion
MPRegen 0.12/turn

%: no passive effects
@: on fire, under a protective aura, glowing
A: ignite blood 2, weakness stinger 2
a: no special abilities


You were on level 4 of the Dungeon.
You visited 1 branch of the dungeon, and saw 4 of its levels.

You collected 219 gold pieces.

Inventory:

Hand Weapons
 v - a +0 dagger of protection (weapon)
Missiles
 p - 2 poisoned darts (quivered)
Armour
 h - a +0 pair of gloves (worn)
 i - a +0 helmet (worn)
 j - the +1 robe of Isast (worn) {rN+++ Will- rCorr Dex+4}
   (You found it on level 2 of the Dungeon)

   Dex+4:     It affects your dexterity (+4).
   rN+++:     It renders you almost immune to negative energy.
   Will-:     It decreases your willpower.
   rCorr:     It protects you from acid and corrosion.
Jewellery
 d - a ring of willpower (left hand)
 n - a +5 ring of evasion (right hand)
Wands
 r - a wand of flame (15)
Scrolls
 g - a scroll of enchant weapon {unknown}
 k - 5 scrolls of teleportation {unknown}
 m - 4 scrolls of identify {unknown}
 s - a scroll of vulnerability {unknown}
 t - a scroll of poison {unknown}
 u - 2 scrolls of amnesia {unknown}
Potions
 a - a potion of curing {unknown}
 b - 2 potions of magic
 e - 2 potions of haste {unknown}
 f - a potion of resistance {unknown}
 l - 2 potions of invisibility {unknown}
 o - a potion of brilliance {unknown}
 q - a potion of attraction {unknown}


   Skills:
 + Level 3.2 Fighting
 + Level 3.7 Dodging
 - Level 2.0 Stealth
 + Level 3.8 Spellcasting
 + Level 6.0 Necromancy


You had 4 spell levels left.
You knew the following spells:

 Your Spells              Type           Power      Damage    Failure   Level
a - Necrotise             Necr           92%        1d8       1%          1
b - Vampiric Draining     Necr           23%        2d7       4%          3
c - Animate Dead          Necr           23%        N/A       14%         4

Your spell library contained the following spells:

 Spells                   Type           Power      Damage    Failure   Level
 Sublimation of Blood     Necr           23%        N/A       1%          2
 Call Imp                 Summ           6%         N/A       24%         2
 Summon Ice Beast         Ice/Summ       3%         N/A       43%         3
 Curse of Agony           Necr           23%        N/A       36%         5
 Summon Mana Viper        Hex/Summ       3%         N/A       99%         5
 Monstrous Menagerie      Summ           1%         N/A       100%        7
 Summon Hydra             Summ           1%         N/A       100%        7


Dungeon Overview and Level Annotations

Branches:
Dungeon (4/15)
 Temple: D:4-7

Altars:


Innate Abilities, Weirdness & Mutations

Your demonic aura often causes spilled blood to erupt in flames.
You have a tail ending in a sharp stinger.


Message History

The orc wizard is moderately wounded.
The liquid fire burns you!
You feel less confused. The orc wizard barely misses you.
You closely miss the orc wizard.
The orc wizard is moderately wounded.
The liquid fire burns you! The orc wizard completely misses you.
Casting: Necrotise (safe; 1% risk of failure)
Confirm with . or Enter, or press ? or * to list all spells.
Aiming: Necrotise (safe; 1% risk of failure)
Press: ? - help, Shift-Dir - straight line, f/p - orc wizard
Aim: an orc wizard, wielding a +0 dagger and wearing a +0 robe (moderately wounded, chance to affect: 81%)
The orc wizard barely resists.
The liquid fire burns you!
The orc wizard points at you and mumbles some strange words.
The magic dart hits you.
You barely miss the orc wizard.
The orc wizard is moderately wounded.
The liquid fire burns you!
* * * LOW HITPOINT WARNING * * *
The orc wizard hits you with a +0 dagger.
* * * LOW HITPOINT WARNING * * *
Casting: Necrotise (safe; 1% risk of failure)
Confirm with . or Enter, or press ? or * to list all spells.
Aiming: Necrotise (safe; 1% risk of failure)
Press: ? - help, Shift-Dir - straight line, f/p - orc wizard
Aim: an orc wizard, wielding a +0 dagger and wearing a +0 robe (moderately wounded, chance to affect: 81%)
The orc wizard writhes in agony!
The liquid fire burns you!
* * * LOW HITPOINT WARNING * * *
The orc wizard barely misses you.
You hit the orc wizard but do no damage.
Your weapon exudes an aura of protection.
The orc wizard is almost dead.
The liquid fire burns you!
* * * LOW HITPOINT WARNING * * *
The orc wizard gestures at you while chanting.
The puff of flame hits you.
You die...

##...................#
##.........#.......#
##.......#..#...#.###
#........##.....#...#
#........#......#...#
#...................##
...........(.........####
.........#..............###
..............B.@.........###
.................o..........###
.........................>..#.###
.....................##.........#
................#....###........#
...............##......#.........
.........###....#.....##.....##..
..........####............#.....#
#.##.##................♣.#.......


You could see a bombardier beetle and an orc wizard.

Vanquished Creatures
  A black bear (D:4)
  2 bombardier beetles (D:3)
  2 orc priests (D:3)
  Terence (D:2)
  Jessica (D:2)
  A sleepcap (D:4)
  Robin (D:2)
  8 adders
  2 ribbon worms
  A dart slug (D:1)
  10 orcs
  6 ball pythons
  6 endoplasms
  4 giant cockroaches
  15 goblins
  9 hobgoblins
  A jackal (D:2)
  7 kobolds
  5 quokkas
  6 bats
  8 frilled lizards
  3 rats (D:1)
100 creatures vanquished.

Vanquished Creatures (collateral kills)
  An adder (D:2)
  An orc (D:4)
  A ball python (D:4)
  3 goblins
  A kobold (D:1)
  A rat (D:2)
8 creatures vanquished.

Grand Total: 108 creatures vanquished

Notes
Turn   | Place    | Note
-------+----------+-------------------------------------------
     0 | D:1      | PaiMei the Demonspawn Necromancer began the quest for the
                  | Orb.
     0 | D:1      | Reached XP level 1. HP: 13/13 MP: 3/3
   199 | D:1      | Gained mutation: You have a small tail. [demonic ancestry]
   199 | D:1      | Reached XP level 2. HP: 17/19 MP: 1/5
   709 | D:1      | Reached XP level 3. HP: 25/25 MP: 2/6
  1051 | D:2      | Reached skill level 1 in Fighting
  1221 | D:2      | Noticed Terence
  1249 | D:2      | Killed Terence
  1250 | D:2      | Gained mutation: Your demonic aura sometimes causes spilled
                  | blood to erupt in flames. [demonic ancestry]
  1250 | D:2      | Reached XP level 4. HP: 22/32 MP: 0/8
  1451 | D:2      | Reached skill level 5 in Necromancy
  1451 | D:2      | Noticed Robin
  1535 | D:2      | Killed Robin
  1624 | D:2      | Identified the +1 robe of Isast {rN+++ Will- rCorr Dex+4}
  1911 | D:2      | Noticed Jessica
  1916 | D:2      | Killed Jessica
  1917 | D:2      | Gained mutation: You have a tail ending in a sharp stinger.
                  | [demonic ancestry]
  1917 | D:2      | Reached XP level 5. HP: 26/38 MP: 4/9
  2668 | D:3      | Learned a level 3 spell: Vampiric Draining
  2673 | D:3      | Learned a level 4 spell: Animate Dead
  3545 | D:3      | Gained mutation: Your demonic aura often causes spilled
                  | blood to erupt in flames. [demonic ancestry]
  3545 | D:3      | Reached XP level 6. HP: 17/46 MP: 5/11
  4978 | D:4      | Reached skill level 6 in Necromancy
  5119 | D:4      | HP: 2/47 [burnt (6)]
  5119 | D:4      | Killed from afar by an orc wizard

Illustrated notes

Levels and vault maps discovered:
D:1:      scummos_arrival_forest, layout_basic, nicolae_houndstooth_variations
D:2:      layout_basic, minmay_small_reverse_x, uniq_robin, uniq_jessica,
          uniq_terence
D:3:      layout_basic
D:4:      layout_cave_pools, mainiacjoe_overflow_six_doors_small,
          grunt_ministairs_1

Skill      XL: |  1  2  3  4  5  6 |
---------------+-------------------+-----
Dodging        | 2 3 |  3.7
Stealth        | 2 |  2.0
Fighting       | 1 2 3 |  3.2
Necromancy     | 5 6 |  6.0
Spellcasting   | 3 |  3.8

Action                     |  1- 3 |  4- 6 || total
---------------------------+-------+-------++-------
  Melee: Unarmed           |    24 |       ||    24
         Short sword       |    16 |    36 ||    52
         Tailslap          |     2 |    11 ||    13
         Dagger            |       |    12 ||    12
   Cast: Necrotise         |    61 |   176 ||   237
         Vampiric Draining |       |     4 ||     4
 Armour: Robe              |    21 |    68 ||    89
  Dodge: Dodged            |    35 |    93 ||   128
